 Dungeon Crawl Stone Soup version 0.19.0-20-gbc5f0c6 (webtiles) character file.

116 Minion the Cudgeler (level 4, 0/66 HPs)
             Began as a Troll Berserker on Nov 17, 2016.
             Was a Believer of Trog.
             Slain by an orc warrior
             ... wielding a +0 trident
              (12 damage)
             ... on level 4 of the Dungeon.
             The game lasted 00:04:31 (2297 turns).

Minion the Cudgeler (Troll Berserker)               Turns: 2297, Time: 00:04:31

Health: 0/66       AC:  5    Str: 30    XL:     4   Next: 70%
Magic:  3/3        EV: 10    Int:  3    God:    Trog [**....]
Gold:   184        SH:  0    Dex: 10    Spells: 0 memorised, 3 levels left

rFire  . . .     SeeInvis .     a - +0 mace
rCold  . . .     Gourm    +     b - +0 animal skin
rNeg   . . .     Faith    .     (no shield)
rPois  .         Spirit   .     (helmet restricted)
rElec  .         Reflect  .     (no cloak)
rCorr  .         Harm     .     (gloves unavailable)
MR     ++...                    (boots unavailable)
Stlth  ..........               (no amulet)
                                p - ring of ice
                                r - ring of fire

@: berserking, regenerating, very quick
A: unfitting armour, claws 3, fast metabolism 3, gourmand, regeneration 1,
shaggy fur 1, tough skin 2
a: Berserk, Trog's Hand, Burn Spellbooks, Renounce Religion


You were on level 4 of the Dungeon.
You worshipped Trog.
Trog was pleased with you.
You were very full.

You visited 1 branch of the dungeon, and saw 4 of its levels.

You collected 184 gold pieces.

Inventory:

Hand Weapons
 a - a +0 mace (weapon)
Armour
 b - a +0 animal skin (worn)
Jewellery
 p - a ring of ice (right claw)
 r - a ring of fire (left claw)
Scrolls
 d - a scroll of recharging {unknown}
 g - a scroll of immolation {unknown}
 h - 3 scrolls of identify {unknown}
 i - a scroll of magic mapping {unknown}
 k - a scroll of blinking {unknown}
Potions
 e - 2 potions of ambrosia {unknown}
 f - a potion of brilliance {unknown}
 l - a potion of berserk rage {unknown}
 m - a potion of cancellation {unknown}
 o - a potion of cure mutation {unknown}
Comestibles
 c - 5 bread rations
 j - 2 meat rations
 n - a beef jerky
 q - 3 chunks of flesh


   Skills:
 - Level 2.4 Fighting
 * Level 4.4 Maces & Flails
 + Level 3.2 Dodging


You had 3 spell levels left.
You didn't know any spells.

Dungeon Overview and Level Annotations

Branches:
Dungeon (4/15)
 Temple: D:4-7

Altars:


Innate Abilities, Weirdness & Mutations

You are too large for most types of armour.
You have claws for hands.
Your metabolism is lightning-fast.
You like to eat raw meat.
Your natural rate of healing is unusually fast.
You are covered in fur. (AC +1)
You have very tough skin. (AC +2)


Message History

Your skin crawls.
You feel resistant to hostile enchantments.
You feel somewhat less full. The orc warrior barely misses you.
A red film seems to cover your vision as you go berserk!
You feel yourself moving faster!
You feel mighty!
You feel a lot less full.
The orc warrior hits you from afar with a trident.
The orc priest hits you. The orc wizard hits you with a dagger.
* * * LOW HITPOINT WARNING * * *
You barely miss the orc priest.
The orc warrior hits you from afar with a trident!
* * * LOW HITPOINT WARNING * * *
You sock the orc priest!
The orc priest is heavily wounded.
The orc priest hits you but does no damage.
The orc wizard barely misses you.
You sock the orc priest!
You kill the orc priest!
Trog accepts your kill.
The orc warrior hits you from afar with a trident!
You die...

# #.# # #.# #
#.##########
#
#...........
# ####.######
# #.# #.##
###..######..
#..[@........
#.#o#########
#.#o.# #
##.o.#
##.o..# #.o(#
$..8. $8#.#.
...#


You could see an orc warrior and an orc wizard.

Vanquished Creatures
  An orc priest (D:4)
  A gnoll (D:1)
  2 adders
  An ooze (D:1)
  A worm (D:3)
  4 leopard geckos
  4 orcs
  A giant cockroach (D:2)
  2 goblins
  5 hobgoblins
  4 jackals (D:3)
  6 bats
  4 frilled lizards
  3 kobolds
  8 rats
47 creatures vanquished.

Notes
Turn   | Place    | Note
-------+----------+-------------------------------------------
     0 | D:1      | Minion the Troll Berserker began the quest for the Orb.
     0 | D:1      | Reached XP level 1. HP: 22/22 MP: 0/0
    92 | D:1      | Reached skill level 3 in Maces & Flails
   144 | D:1      | Reached XP level 2. HP: 24/29 MP: 1/1
   904 | D:2      | Reached XP level 3. HP: 36/36 MP: 2/2
  1639 | D:3      | Reached ** piety under Trog
  2081 | D:3      | Reached skill level 4 in Maces & Flails
  2097 | D:3      | Reached XP level 4. HP: 19/44 MP: 3/3
  2287 | D:4      | Noticed an orc warrior
  2297 | D:4      | Slain by an orc warrior

Skill      XL: |  1  2  3  4 |
---------------+-------------+-----
Maces & Flails | 3 4 |  4.4
Dodging        | 3 |  3.2
Fighting       | |  2.4

Action                   |  1- 3 |  4- 6 || total
-------------------------+-------+-------++-------
Melee: Mace              |   160 |    24 ||   184
Invok: Berserk           |       |     1 ||     1
       Trog's Hand       |       |     1 ||     1
  Eat: Chunk             |    20 |     5 ||    25
       Pizza             |     1 |       ||     1
Armor: Animal skin       |   100 |    20 ||   120
Dodge: Dodged            |   148 |    33 ||   181
